 Dungeon Crawl Stone Soup version 0.28-a0-773-g130ae17fe5 (webtiles) character file.

Game seed: 3448422882909151249

28 spiderkeys the Skirmisher (level 2, -1/29 HPs)
             Began as a Troll Abyssal Knight on Nov 1, 2021.
             Was a Follower of Lugonu.
             Killed from afar by a white imp (8 damage)
             ... with a puff of frost
             ... on level 1 of the Abyss.
             The game lasted 00:00:13 (125 turns).

spiderkeys the Skirmisher (Troll Abyssal Knight)     Turns: 125, Time: 00:00:14

Health: -1/29      AC:  4    Str: 20      XL:     2   Next: 96%
Magic:  2/2        EV:  9    Int:  6      God:    Lugonu [*.....]
Gold:   0          SH:  0    Dex:  6 (10) Spells: 1/1 levels left

rFire   . . .      SeeInvis .     - Unarmed
rCold   . . .      Faith    .   (no shield)
rNeg    . . .      Spirit   .   a - +0 robe
rPois   .          Reflect  .   (helmet restricted)
rElec   .          Harm     .   (no cloak)
rCorr   .          Rampage  .   (gloves unavailable)
Will    .....                   (boots unavailable)
Stlth   +.........              (no amulet)
HPRegen 1.09/turn               (no ring)
MPRegen 0.08/turn               (no ring)

@: no status effects
A: large, unfitting armour, claws 3, regeneration 1, shaggy fur 1, tough skin 1
a: Renounce Religion, Depart the Abyss


You were on level 1 of the Abyss.
You worshipped Lugonu.
Lugonu was aware of your devotion.
You visited 0 branches of the dungeon, and saw 0 of its levels.
You visited the Abyss 1 time.


Innate Abilities, Weirdness & Mutations

You are too large for most types of armour.
You have claws for hands.
Your natural rate of healing is unusually fast.
You are covered in fur. (AC +1)
You have tough skin. (AC +1)


   Skills:
 + Level 2.7 Fighting
 + Level 2.2 Dodging
 + Level 2.4 Unarmed Combat
 + Level 2.0 Invocations


You had one spell level left.
You didn't know any spells.
Your spell library was empty.

Inventory:

Armour
 a - a +0 robe (worn)

Dungeon Overview and Level Annotations

Branches:
Dungeon (0/15)

Altars:

≈≈ ≈ ≈. ..#.#..#...
.# ≈ ≈≈≈≈ # .#.# .
..###.#
≈#≈≈≈≈####...## .#
. . #. # ≈≈≈≈≈
≈#..#..#.# # #
#.... . ≈≈≈≈≈≈
##...#.#.. ###...
≈≈≈≈≈≈≈. ....#. . #
##
≈≈≈.≈≈###.#.######.
≈≈≈.≈≈#....##
≈≈≈≈≈≈≈ #..@#
≈≈≈≈#.....#
≈≈#≈≈≈≈5#..#.# ≈
≈≈#≈≈#.#...#
≈≈#≈≈#...##. ≈≈
##... #. .#. # #.##


You could see a white imp.


Message History

🤖 Initializing magus.rc ... ✅ Successfully initialized magus.rc [v1.9.10] Welcome, spiderkeys the Troll Abyssal Knight.
Will you prevail where others failed? Will you find the Orb of Zot?
Lugonu says: Depart the Abyss and spread corruption, my servant! (use the ability menu to exit the Abyss) Press ? for a list of commands and other information.
Found a corrupted altar of Lugonu.
Found an iron altar of Okawaru.
An iron imp comes into view.
The iron imp shouts, "Embrace submission, thou yeasty base-court guttersnipe!"
You claw the iron imp!
The iron imp picks up a beetle and eats it.
The iron imp hits you. 😕 HP[-4]
You take 4 damage, and now have 18/22 hp.
You claw the iron imp!
You kill the iron imp!
Your Dodging skill increases to level 2!
Your Invocations skill increases to level 2!
You have reached level 2! 😕 HP[+6] MP[+1]
You now have 29 max hp (+7).
You regained 6 hp, and now have 24/29 hp.
Your mp is fully restored (2).
The substance of the Abyss twists violently, and a gateway leading out appears!
There is a gateway leading out of the Abyss here. 😕 HP[+2]
You regained 2 hp, and now have 26/29 hp. 😕 HP[+1] 😕 HP[+1] 😎 HP[+1]
Your hp is fully restored (29).
Why would you want to do that?
A quasit comes into view.
The quasit gives a chilling moan.
You scratch the quasit. The quasit closely misses you. x2
The quasit claws you.
You feel clumsy. 😕 HP[-1]
You take 1 damage, and now have 28/29 hp.
You scratch the quasit but do no damage.
The quasit bites you.
You feel clumsy. The quasit barely misses you.
The quasit claws you but does no damage.
You closely miss the quasit. The quasit bites you.
The quasit claws you but does no damage. x2
The quasit bites you. The quasit claws you.
The quasit claws you but does no damage. 😕 HP[-3]
You take 3 damage, and now have 25/29 hp.
You scratch the quasit. The quasit closely misses you. x2
The quasit claws you but does no damage. 😕 HP[+1]
You scratch the quasit but do no damage.
The quasit bites you.
You feel clumsy.
The quasit claws you but does no damage. x2 😕 HP[-1]
You take 1 damage, and now have 25/29 hp.
You scratch the quasit but do no damage.
The quasit bites you but does no damage.
The quasit claws you but does no damage.
The quasit barely misses you.
A white imp comes into view.
The quasit bites you but does no damage.
The quasit claws you but does no damage.
The quasit claws you.
The white imp shouts!
You scratch the quasit but do no damage.
The quasit bites you. The quasit claws you.
You feel clumsy. The quasit claws you. 😕 HP[-3]
You take 3 damage, and now have 22/29 hp.
You miss the quasit. The white imp gestures at you. The puff of frost hits you!
* * * LOW HITPOINT WARNING * * *
The quasit barely misses you. The quasit claws you.
* * * LOW HITPOINT WARNING * * *
The quasit completely misses you. 😨 HP[-12]
You take 12 damage, and now have 10/29 hp.
MASSIVE DAMAGE!! (PAUSE)
You claw the quasit! The quasit bites you.
* * * LOW HITPOINT WARNING * * *
The quasit claws you.
* * * LOW HITPOINT WARNING * * *
The quasit claws you but does no damage. 😱 HP[-4]
You take 4 damage, and now have 6/29 hp.
You miss the quasit. You claw the quasit.
You kill the quasit!
The white imp gestures at you. The puff of frost hits you!
You die...

Skill      XL: |  1 |
---------------+----+-----
Dodging        | 2 |  2.2
Invocations    | 2 |  2.0
Fighting       | |  2.7
Unarmed Combat | |  2.4

Action                   || total
-------------------------++-------
Melee: Unarmed           ||    12
       Punch             ||     1
Armor: Robe              ||    12
Dodge: Dodged            ||     8

Levels and vault maps discovered:
Abyss:1:  base: Temple, base: Temple, abyss_exit_lava

Notes
Turn   | Place    | Note
-------+----------+-------------------------------------------
     0 | Abyss:1  | spiderkeys the Troll Abyssal Knight began the quest for the
                  | Orb.
     0 | Abyss:1  | Reached XP level 1. HP: 22/22 MP: 1/1
     0 | Abyss:1  | magus.rc [v1.9.10]
    23 | Abyss:1  | Found an iron altar of Okawaru.
    94 | Abyss:1  | Noticed an iron imp
   100 | Abyss:1  | Killed an iron imp
   101 | Abyss:1  | Reached skill level 2 in Dodging
   101 | Abyss:1  | Reached skill level 2 in Invocations
   101 | Abyss:1  | Reached XP level 2. HP: 24/29 MP: 2/2
   124 | Abyss:1  | HP: 6/29 [quasit (2)]
   125 | Abyss:1  | Killed from afar by a white imp

Vanquished Creatures
  A quasit (Abyss:1)
  An iron imp (Abyss:1)
2 creatures vanquished.

Table legend:
 A = Non-vault XP
 B = Vault XP
 C = Vault XP percentage of total XP
 D = Non-vault monster count
 E = Vault monster count
 F = Vault count percentage of total count
                 A         B        C        D         E       F
            +---------+---------+-------+---------+---------+-------
      Total |      85 |       0 |   0.0 |       2 |       0 |   0.0
            +---------+---------+-------+---------+---------+-------
    Abyss:1 |      85 |       0 |   0.0 |       2 |       0 |   0.0
            +---------+---------+-------+---------+---------+-------

Illustrated notes

Table legend:
 A = Kills in this place as a percentage of kills in entire the game.
 B = Kills by you in this place as a percentage of kills by you in the entire game.
 C = Kills by friends in this place as a percentage of kills by friends in the entire game.
 D = Other kills in this place as a percentage of other kills in the entire game.
 E = Experience gained in this place as a percentage of experience gained in the entire game.
 F = Experience gained in this place divided by the number of levels of this place that you have seen.
                   A       B       C       D       E      F
               +-------+-------+-------+-------+-------+----------------------
         Total | 100.0 | 100.0 |   N/A |   N/A | 100.0 |  85.0
         Abyss | 100.0 | 100.0 |   N/A |   N/A | 100.0 |  85.0
               +-------+-------+-------+-------+-------+----------------------

Table legend: (Time is in decaauts)
 A = Elapsed time spent in this place.
 B = Non-inter-level travel time spent in this place.
 C = Inter-level travel time spent in this place.
 D = Time resting spent in this place.
 E = Time spent auto-exploring this place.
 F = Levels seen in this place.
 G = Mean time per level.
                   A        B        C        D        E       F      G
               +--------+--------+--------+--------+--------+-----+--------+
         Total |    124 |    124 |      0 |      0 |     93 |   1 |  124.0 |
         Abyss |    124 |    124 |      0 |      0 |     93 |   1 |  124.0 |
               +--------+--------+--------+--------+--------+-----+--------+

Top non-repeatable levels by time:
 Abyss:1: 124 daAuts
